 Dungeon Sprint DCSS version 0.26-a0-662-g8b9c6dab81 (webtiles) character file.

Game seed: 5409229621867948596

7599 sahdkjhfkaj the Earth Mage (level 11, -7/76 HPs)
             Began as a Gargoyle Earth Elementalist on Oct 9, 2020.
             Was a High Priest of Vehumet.
             Mangled by a spriggan defender
             ... wielding a +0 dagger
              (21 damage)
             ... in the Dungeon (Sprint III: "The Ten Rune Challenge").
             The game lasted 00:10:42 (3888 turns).

sahdkjhfkaj the Earth Mage (GrEE)                   Turns: 3888, Time: 00:10:42

Health: -7/76      AC: 10    Str: 11    XL:     11   Next: 17%
Magic:  17/27      EV: 12    Int: 20    God:    Vehumet [*****.]
Gold:   10         SH:  0    Dex: 10    Spells: 19/34 levels left

rFire    . . .     SeeInvis .   o - +0 dagger
rCold    . . .     Faith    .   (no shield)
rNeg     + . .     Spirit   .   c - +0 robe
rPois    ∞         Reflect  .   (no helmet)
rElec    +         Harm     .   (no cloak)
rCorr    .         Rampage  .   (no gloves)
MR       .....     NoTele   +   (no boots)
Stlth    ++........             (no amulet)
HPRegen  0.22/turn              (no ring)
MPRegen  0.20/turn              (no ring)

@: no status effects
A: negative energy resistance 1, electricity resistance, unbreathing,
petrification resistance, rot immunity, AC +8
a: Renounce Religion


You were in the Dungeon.
You worshipped Vehumet.
Vehumet was extremely pleased with you.
You visited 1 branch You collected 10 gold pieces.

Inventory:

Hand Weapons
 o - a +0 dagger (weapon)
Missiles
 b - 2 stones (quivered)
Armour
 c - a +0 robe (worn)
 q - a +0 tower shield
Wands
 r - a wand of enslavement (6)
Scrolls
 a - 4 scrolls of remove curse
 j - a scroll of torment {unknown}
 k - 13 scrolls of identify
 m - a scroll of holy word {unknown}
Potions
 d - 3 potions of curing
 f - a potion of haste
 g - 3 potions of magic
 h - 2 potions of berserk rage
 l - 4 potions of flight
 n - 4 potions of mutation
 p - a potion of might
Miscellaneous
 s - a condenser vane (2/2)


   Skills:
 + Level 12.2 Fighting
 - Level 1.5 Dodging
 - Level 2.1 Stealth
 + Level 12.1 Spellcasting
 - Level 0.7 Transmutations
 * Level 20.2 Earth Magic
 + Level 8.2 Evocations


You had 19 spell levels left.
You knew the following spells:

 Your Spells              Type           Power        Failure   Level
a - Sandblast             Erth           ######       0%          1
b - Stone Arrow           Conj/Erth      ######       1%          3
d - Lee's Rapid Deconstr  Erth           #######...   1%          5
p - Petrify               Tmut/Erth      ######..     1%          4
B - Blink                 Tloc           N/A          9%          2

Your spell library contained the following spells:

 Spells                   Type           Power        Failure   Level
 Iskenderun's Mystic Bla  Conj/Tloc      ##......     16%         4
 Magic Dart               Conj           ##..         1%          1
 Passwall                 Tmut/Erth      ######..     1%          2
 Conjure Flame            Conj/Fire      ##......     4%          3
 Mephitic Cloud           Conj/Pois/Air  ##......     4%          3
 Call Imp                 Summ           ##......     9%          2
 Slow                     Hex            ##......     9%          2


Dungeon Overview and Level Annotations

Branches:
Dungeon (1/1)

Altars:
Cheibriados
Dithmenos
Elyvilon
Fedhas
Gozag
Hepliaklqana
Kikubaaqudgha
Makhleb
Nemelex Xobeh
Okawaru
Qazlal
Ru
Sif Muna
Trog
Uskayaw
Vehumet
Wu Jian
Xom
Yredelemnul
Zin
The Shining One
Beogh
Jiyva
Lugonu


Innate Abilities, Weirdness & Mutations

You are resistant to torment.
Your stone body is resilient. (AC +8)
You are immune to poison.
You resist negative energy. (rN+)
You are resistant to electric shocks. (rElec)
You can survive without breathing.
You are immune to petrification.
You are immune to rotting.


Message History

The blast of rock fragments hits the spriggan defender!
The spriggan defender is moderately wounded.
The spriggan defender closely misses you.
The spriggan defender hits you but does no damage.
Unknown command.
Unknown command.
Casting: Lee's Rapid Deconstruction (safe; 1% risk of failure)
Confirm with . or Enter, or press ? or * to list all spells.
Aiming: Lee's Rapid Deconstruction (safe; 1% risk of failure)
Press: ? - help, Dir - move target cursor A rock wall.
The wall shatters!
The blast of rock fragments hits the spriggan defender!!
The spriggan defender is almost dead.
The blast of rock fragments hits the spriggan defender!!
The spriggan defender is heavily wounded.
The blast of rock fragments hits the spriggan defender!
The spriggan defender is heavily wounded.
The spriggan defender hits you with a +0 dagger!!
You die...

#○§...#§§○# ≈ ≈
#'#####..☼###
#..)..'..○○§#
#☼########### #.#
#.# #°# ### #.#
###.# #@# ###§§.#
#i#§#.§.§.#
#i#§..§§..#
#i#§i§i...###++###
#...M§§§§§#.⌠..⌠.#
#########.#......#
#........#
..............#
..............#


You could see 3 spriggan defenders.

Vanquished Creatures
  Harold (D)
  Erolcha (D)
  A skeletal warrior (D)
  An orange crystal statue (D)
  Joseph (D)
  A deep elf mage (D)
  2 crystal guardians (D)
  3 wandering mushrooms (D)
  2 redbacks (D)
  A shadow (D)
  A spatial vortex (D)
  A floating eye (D)
  A necrophage (D)
  5 two-headed ogres (D)
  A water elemental (D)
  A scorpion (D)
  A jelly (D)
  An orc priest (D)
  A wizard (D)
  Jessica (D)
  A necromancer (D)
  A kobold demonologist (D)
  3 humans (D)
  An ooze (D)
  2 rats (D)
36 creatures vanquished.

Vanquished Creatures (others)
  An orc high priest (D)
  2 orc priests (D)
  A ball lightning (D)
  22 plants (D)
26 creatures vanquished.

Grand Total: 62 creatures vanquished

Notes
Turn   | Place    | Note
-------+----------+-------------------------------------------
     0 | D        | sahdkjhfkaj the Gargoyle Earth Elementalist began the quest
                  | for the Orb.
     0 | D        | Reached XP level 1. HP: 10/10 MP: 3/3
     3 | D        | Reached skill level 4 in Earth Magic
    37 | D        | Reached skill level 5 in Earth Magic
    65 | D        | Noticed Jessica
    67 | D        | Killed Jessica
    67 | D        | Reached skill level 7 in Earth Magic
    67 | D        | Reached XP level 2. HP: 15/15 MP: 2/6
    67 | D        | Reached XP level 3. HP: 19/19 MP: 2/8
   191 | D        | Learned a level 3 spell: Stone Arrow
   195 | D        | Noticed a scorpion
   226 | D        | Killed a scorpion
   226 | D        | Reached skill level 5 in Spellcasting
   226 | D        | Reached skill level 9 in Earth Magic
   226 | D        | Reached XP level 4. HP: 13/24 MP: 0/11
   419 | D        | Noticed a water elemental
   428 | D        | Killed a water elemental
   428 | D        | Reached skill level 10 in Earth Magic
   428 | D        | Reached XP level 5. HP: 28/28 MP: 1/13
   524 | D        | Learned a level 5 spell: Lee's Rapid Deconstruction
   537 | D        | Found a radiant altar of Vehumet.
   537 | D        | Found a shimmering blue altar of Sif Muna.
   537 | D        | Found an ancient bone altar of Kikubaaqudgha.
   538 | D        | Reached skill level 11 in Earth Magic
   641 | D        | Became a worshipper of Vehumet
   649 | D        | Learned a level 2 spell: Blink
   652 | D        | Found a glowing silver altar of Zin.
   652 | D        | Found a glowing golden altar of the Shining One.
   652 | D        | Found a white marble altar of Elyvilon.
   652 | D        | Noticed a deep elf mage
   654 | D        | Killed a deep elf mage
   654 | D        | Reached skill level 5 in Fighting
   654 | D        | Reached skill level 14 in Earth Magic
   654 | D        | Reached XP level 6. HP: 40/40 MP: 3/17
   654 | D        | Reached XP level 7. HP: 44/44 MP: 3/18
   748 | D        | Found a hide-covered altar of Uskayaw.
   748 | D        | Found a roughly hewn altar of Beogh.
   748 | D        | Found an iron altar of Okawaru.
   748 | D        | Found a bloodstained altar of Trog.
   748 | D        | Found an ornate altar of the Wu Jian Council.
   748 | D        | Noticed a human
   748 | D        | Noticed a human
   749 | D        | Killed a human
   750 | D        | Killed a human
   750 | D        | Reached * piety under Vehumet
   750 | D        | Offered knowledge of Shock by Vehumet.
   750 | D        | Reached skill level 15 in Earth Magic
   750 | D        | Reached XP level 8. HP: 52/52 MP: 8/20
   841 | D        | Found a basalt altar of Yredelemnul.
   841 | D        | Found a shadowy altar of Dithmenos.
   841 | D        | Found a sacrificial altar of Ru.
   875 | D        | Killed a shadow
   875 | D        | Reached ** piety under Vehumet
   944 | D        | Found a blossoming altar of Fedhas.
   944 | D        | Found a stormy altar of Qazlal.
   945 | D        | Found a snail-covered altar of Cheibriados.
   945 | D        | Found a burning altar of Makhleb.
   945 | D        | Found a hazy altar of Hepliaklqana.
   945 | D        | Found a shimmering altar of Xom.
   945 | D        | Found an opulent altar of Gozag.
   945 | D        | Found a sparkling altar of Nemelex Xobeh.
   945 | D        | Found a corrupted altar of Lugonu.
   945 | D        | Found a viscous altar of Jiyva.
   948 | D        | Offered knowledge of Foxfire by Vehumet.
   954 | D        | Learned a level 4 spell: Petrify
  1016 | D        | Reached *** piety under Vehumet
  1016 | D        | Reached skill level 16 in Earth Magic
  1016 | D        | Reached skill level 1 in Evocations
  1139 | D        | Noticed a two-headed ogre
  1139 | D        | Noticed Erolcha
  1169 | D        | Killed a two-headed ogre
  1169 | D        | Offered knowledge of Inner Flame by Vehumet.
  1169 | D        | Reached XP level 9. HP: 52/60 MP: 6/22
  1270 | D        | Noticed a two-headed ogre
  1280 | D        | Reached **** piety under Vehumet
  1280 | D        | Reached skill level 10 in Spellcasting
  1321 | D        | Killed Erolcha
  1321 | D        | Reached skill level 17 in Earth Magic
  1338 | D        | Killed a two-headed ogre
  1338 | D        | Reached skill level 10 in Fighting
  1338 | D        | Reached skill level 5 in Evocations
  1590 | D        | Noticed a wandering mushroom
  1603 | D        | Noticed a wandering mushroom
  1604 | D        | Noticed a wandering mushroom
  1606 | D        | Killed a wandering mushroom
  1606 | D        | Offered knowledge of Hailstorm by Vehumet.
  1606 | D        | Reached skill level 18 in Earth Magic
  1606 | D        | Reached XP level 10. HP: 68/68 MP: 1/24
  1843 | D        | Offered knowledge of Olgreb's Toxic Radiance by Vehumet.
  1943 | D        | Noticed Harold
  1943 | D        | Noticed Joseph
  2461 | D        | Killed Joseph
  3200 | D        | Killed Harold
  3200 | D        | Reached ***** piety under Vehumet
  3200 | D        | Offered knowledge of Iskenderun's Mystic Blast by Vehumet.
  3200 | D        | Reached skill level 19 in Earth Magic
  3327 | D        | Noticed a yaktaur captain
  3345 | D        | Noticed a skeletal warrior
  3365 | D        | Killed a skeletal warrior
  3454 | D        | Noticed an orange crystal statue
  3464 | D        | Killed an orange crystal statue
  3464 | D        | Reached XP level 11. HP: 76/76 MP: 15/26
  3493 | D        | Noticed a crystal guardian
  3496 | D        | Killed a crystal guardian
  3496 | D        | Reached skill level 20 in Earth Magic
  3635 | D        | Noticed a crystal guardian
  3636 | D        | Killed a crystal guardian
  3877 | D        | Noticed a mummy priest
  3882 | D        | HP: 1/76 [spriggan defender/+0 dagger (21)]
  3888 | D        | Mangled by a spriggan defender

Illustrated notes

Levels and vault maps discovered:
D:        dungeon_sprint_mu [sprint_mu_entry_forest, sprint_mu_temple_rooms,
          sprint_mu_d1_spiders, sprint_mu_d2_genie, sprint_mu_d3_branching,
          sprint_mu_orc_legion, sprint_mu_elf_gauntlet, sprint_mu_hive_nellie,
          sprint_mu_lair_fedhas, sprint_mu_vaults_butterflies,
          sprint_mu_slime_circle, sprint_mu_swamp_cave, sprint_mu_shoals_kraken,
          sprint_mu_blade_basic, sprint_mu_crypt_fortress,
          sprint_mu_tomb_spiral, sprint_mu_vestibule_basic,
          sprint_mu_gehenna_hellfire, sprint_mu_dis_giant,
          sprint_mu_tartarus_statrot, sprint_mu_cocytus_islands, sprint_mu_zot1]

Skill      XL: |  1  2  3  4  5  6  7  8  9 10 11 |
---------------+----------------------------------+-----
Earth Magic    | 7 9 10 14 15 16 18 19 20 | 20.2
Spellcasting   | 3 5 8 9 10 11 12 | 12.1
Fighting       | 5 6 8 10 11 12 | 12.2
Evocations     | 2 5 7 8 |  8.2
Dodging        | |  1.5
Stealth        | |  2.1
Transmutations | |  0.7

Action                   |  1- 3 |  4- 6 |  7- 9 | 10-12 || total
-------------------------+-------+-------+-------+-------++-------
Melee: Unarmed           |     1 |       |       |       ||     1
       Dagger            |       |       |     5 |    46 ||    51
Throw: Throwing net      |       |       |       |     1 ||     1
 Cast: Sandblast         |    14 |     3 |     5 |     6 ||    28
       Stone Arrow       |     2 |     5 |     4 |     3 ||    14
       Lee's Rapid Decon |       |     2 |    21 |    30 ||    53
       Petrify           |       |       |     5 |     9 ||    14
Evoke: Condenser vane    |       |       |       |     1 ||     1
  Use: Potion            |       |       |       |     3 ||     3
       Scroll            |       |       |       |     1 ||     1
 Stab: Petrified         |       |       |     5 |    15 ||    20
       Confused          |       |       |       |     3 ||     3
       Sleeping          |       |       |       |     1 ||     1
Armor: Robe              |     2 |       |     1 |     6 ||     9
Dodge: Dodged            |     3 |     3 |     9 |    12 ||    27

Table legend: (Time is in decaauts)
 A = Elapsed time spent in this place.
 B = Non-inter-level travel time spent in this place.
 C = Inter-level travel time spent in this place.
 D = Time resting spent in this place.
 E = Time spent auto-exploring this place.
 F = Levels seen in this place.
 G = Mean time per level.
                   A        B        C        D        E       F      G
               +--------+--------+--------+--------+--------+-----+--------+
         Total |   3897 |   3775 |    122 |   2928 |      0 |   1 | 3897.0 |
       Dungeon |   3897 |   3775 |    122 |   2928 |      0 |   1 | 3897.0 |
               +--------+--------+--------+--------+--------+-----+--------+

Top non-repeatable levels by time:
       D: 3897 daAuts
